 Dungeon Crawl Stone Soup version 0.31-a0-795-g5eb97db20b (webtiles) character file.

Game seed: 1194737538632550495

(classic levelgen) 376 Amnesiac the Magician (level 7, 0/45 HPs)
             Began as a Djinni Hedge Wizard on Sept 18, 2023.
             Slain by an ice beast (18 damage)
             ... on level 5 of the Dungeon.
             The game lasted 00:06:42 (2446 turns).

Amnesiac the Magician (Djinni Hedge Wizard)         Turns: 2446, Time: 00:06:42

Health: 0/45       AC:  3    Str:  9    XL:     7   Next: 3%
Gold:   132        EV: 12    Int: 17    God:
                   SH:  0    Dex: 13

rFire   + + .        a - +0 dagger
rCold   x . .        (no shield)
rNeg    . . .        b - +0 robe
rPois   ∞            c - +0 hat
rElec   .            (no cloak)
rCorr   .            r - +0 pair of gloves
SInv    +            (boots unavailable)
Will    .....        p - amulet of faith
Stlth   ++           j - ring of see invisible
HPRegen 0.27/turn    (no ring)
MPRegen 0.00/turn

%: faith, infuse magic (-1 HP)
@: immotile, flying
A: sickness immunity, fire resistance 2, cold vulnerability 1, float, innate
caster, HP casting, extra vitality 1
a: no special abilities


You were on level 5 of the Dungeon.
You visited 1 branch of the dungeon, and saw 5 of its levels.

You collected 132 gold pieces.

Inventory:

Hand Weapons
 a - a +0 dagger (weapon)
Armour
 b - a +0 robe (worn)
 c - a +0 hat (worn)
 r - a +0 pair of gloves (worn)
Magical Staves
 m - a staff of fire
Jewellery
 j - a ring of see invisible (left hand)
 p - an amulet of faith (around neck)
Talismans
 s - a beast talisman
Scrolls
 e - 2 scrolls of enchant armour {!r, unknown}
 f - a scroll of butterflies {!r, unknown}
 l - a scroll of amnesia {!r, unknown}
 n - a scroll of blinking {!r, unknown}
 u - a scroll of fog {!r, unknown}
Potions
 d - a potion of lignification {!q, unknown}
 g - a potion of brilliance {!q, unknown}
 h - 3 potions of curing {!q, unknown}
 i - 2 potions of haste {!q, unknown}
 k - a potion of mutation {!q, unknown}
 o - a potion of invisibility {!q, unknown}
 q - 2 potions of ambrosia {!q, unknown}
 t - a potion of attraction {!q, unknown}


   Skills:
 - Level 2.1 Dodging
 - Level 1.5 Stealth
 + Level 5.7 Spellcasting
 + Level 5.7 Conjurations
 + Level 5.7 Hexes
   Level 0.0 Charms
 + Level 5.7 Summonings
 + Level 5.7 Necromancy
 + Level 5.7 Translocations
 + Level 5.7 Transmutations
 + Level 5.7 Fire Magic
 + Level 5.7 Ice Magic
 + Level 5.7 Air Magic
 + Level 5.7 Earth Magic
 + Level 5.7 Poison Magic


You knew the following spells:

 Your Spells              Type           Power      Damage    Failure   Level
a - Sandblast             Erth           48%        2d12      1%          1
b - Call Imp              Summ           48%        N/A       1%          2
c - Slow                  Hex            96%        N/A       1%          1
d - Magic Dart            Conj           96%        1d7       1%          1
e - Mephitic Cloud        Conj/Pois/Air  24%        N/A       3%          3
f - Momentum Strike       Conj/Tloc      48%        3d9       1%          2
g - Stone Arrow           Conj/Erth      48%        3d10      3%          3
v - Blink                 Tloc           48%        N/A       1%          2
Your spell library was empty.

Dungeon Overview and Level Annotations

Branches:
Dungeon (4/15)
 Temple: D:4-7

Altars:
Cheibriados
Gozag
Okawaru


Innate Abilities, Weirdness & Mutations

You are immune to sickness and miasma.
You are immune to poison.
Your flesh is very heat resistant. (rF++)
You are vulnerable to cold. (rC-)
You float through the air rather than walking.
You learn spells naturally, not from books.
Your magical power is your life essence.
You have superior vitality. (+4 MHP)


Message History

Confirm with . or Enter, or press ? or * to list all spells.
A tiny devil pulls itself out of the air.
* * * LOW HITPOINT WARNING * * *
Aiming: Magic Dart (safe; 1% risk of failure)
Press: ? - help, Q - select action, (/) - cycle Shift-Dir - straight line, f - you
Okay, then.
Unknown command.
Adjust (i)tems, (s)pells, or (a)bilities?
Adjust which spell?
Okay, then.
Unknown command.
Casting: Magic Dart (safe; 1% risk of failure)
Confirm with . or Enter, or press ? or * to list all spells.
Okay, then.
Adjust (i)tems, (s)pells, or (a)bilities?
Adjust which spell?
Okay, then.
Unknown command.
An ice beast comes into view.
Adjust (i)tems, (s)pells, or (a)bilities?
Adjust which spell?
Okay, then.
Unknown command.
Casting: Magic Dart (safe; 1% risk of failure)
Confirm with . or Enter, or press ? or * to list all spells.
You can't see any susceptible monsters within range! (Use Z to cast anyway.)
Casting: Magic Dart (safe; 1% risk of failure)
Confirm with . or Enter, or press ? or * to list all spells.
Aiming: Momentum Strike (safe; 1% risk of failure)
Press: ? - help, Dir - move target, f - ice beast
Aim: an ice beast (ally target, 74% to hit)
The concentrated momentum hits the ice beast!
The ice beast is moderately wounded.
You are unable to move.
Casting: Momentum Strike (safe; 1% risk of failure)
Confirm with . or Enter, or press ? or * to list all spells.
You cannot redirect your momentum while unable to move.
Aiming: Magic Dart (safe; 1% risk of failure)
Press: ? - help, Q - select action, (/) - cycle Shift-Dir - straight line, f/p - ice beast
Aim: an ice beast (moderately wounded, ally target, 100% to hit)
Okay, then.
Unknown command.
You cannot move.
You cannot move.
Casting: Magic Dart (safe; 1% risk of failure)
Confirm with . or Enter, or press ? or * to list all spells.
Aiming: Sandblast (safe; 1% risk of failure)
Press: ? - help, Shift-Dir - straight line, f/p - ice beast
Aim: an ice beast (moderately wounded, ally target, 83% to hit)
The blast of sand hits the ice beast but does no damage.
The ice beast is moderately wounded.
* * * LOW HITPOINT WARNING * * *
Casting: Sandblast (safe; 1% risk of failure)
Confirm with . or Enter, or press ? or * to list all spells.
Aiming: Sandblast (safe; 1% risk of failure)
Press: ? - help, Shift-Dir - straight line, f/p - ice beast
Aim: an ice beast (moderately wounded, ally target, 83% to hit)
The blast of sand hits the ice beast!
The ice beast is severely wounded.
* * * LOW HITPOINT WARNING * * *
The ice beast hits you.
* * * LOW HITPOINT WARNING * * *
The ice beast freezes you!!
You feel a terrible chill!
You die...

#......#.............#
#......#.............#
#....................##
#......................
#......#...#####.......
####......#....##.......
..........####'##.......
.....5..................
......Y@................
.....##..........#####..
.... #..........'.###..
### #..........#......
#..........#......
......[....#......
...........#..>.##
............#...##
#########...###


You could see an ice beast (ally target) and a friendly cerulean imp (summoned).

Vanquished Creatures
  2 ogres
  Natasha (thrice) (D:3)
  An iguana (D:5)
  4 gnolls (D:2)
  2 adders
  An ufetubus (D:4)
  A worm (D:3)
  2 dart slugs (D:4)
  5 orcs
  2 endoplasms
  2 giant cockroaches
  2 hobgoblins (D:4)
  2 jackals (D:2)
  5 kobolds
  2 bats (D:2)
  4 frilled lizards (D:1)
  4 rats
44 creatures vanquished.

Notes
Turn   | Place    | Note
-------+----------+-------------------------------------------
     0 | D:1      | Amnesiac the Djinni Hedge Wizard began the quest for the
                  | Orb.
     0 | D:1      | Amnesiac set off with the following spells memorised: Magic
                  | Dart, Slow, Blink, Call Imp, Mephitic Cloud.
     0 | D:1      | Reached XP level 1. HP: 15/15 MP: 0/0
    29 | D:1      | Found a faded altar of an unknown god.
   533 | D:1      | Reached XP level 2. HP: 19/21 MP: 0/0
   921 | D:2      | Reached XP level 3. HP: 23/25 MP: 0/0
   921 | D:2      | Learned a level 1 spell: Sandblast
  1274 | D:2      | Reached XP level 4. HP: 7/31 MP: 0/0
  1692 | D:3      | Noticed Natasha
  1697 | D:3      | Killed Natasha
  1804 | D:3      | Noticed Natasha
  1816 | D:3      | Killed Natasha
  1817 | D:3      | Reached XP level 5. HP: 26/35 MP: 0/0
  1817 | D:3      | Learned a level 2 spell: Momentum Strike
  1861 | D:3      | Found an iron altar of Okawaru.
  1988 | D:3      | Noticed Natasha
  1993 | D:3      | Killed Natasha
  2083 | D:4      | Noticed an ogre
  2091 | D:4      | Killed an ogre
  2092 | D:4      | Reached skill level 5 in Spellcasting
  2092 | D:4      | Reached skill level 5 in Conjurations
  2092 | D:4      | Reached skill level 5 in Hexes
  2092 | D:4      | Reached skill level 5 in Summonings
  2092 | D:4      | Reached skill level 5 in Necromancy
  2092 | D:4      | Reached skill level 5 in Translocations
  2092 | D:4      | Reached skill level 5 in Transmutations
  2092 | D:4      | Reached skill level 5 in Fire Magic
  2092 | D:4      | Reached skill level 5 in Ice Magic
  2092 | D:4      | Reached skill level 5 in Air Magic
  2092 | D:4      | Reached skill level 5 in Earth Magic
  2092 | D:4      | Reached skill level 5 in Poison Magic
  2092 | D:4      | Reached XP level 6. HP: 31/40 MP: 0/0
  2108 | D:4      | Found a snail-covered altar of Cheibriados.
  2266 | D:4      | Found an opulent altar of Gozag.
  2330 | D:4      | You are sucked into a shaft and drop 1 floor!
  2330 | D:5      | Entered Level 5 of the Dungeon
  2344 | D:5      | Noticed an ogre
  2358 | D:5      | Killed an ogre
  2434 | D:5      | Reached XP level 7. HP: 24/45 MP: 0/0
  2434 | D:5      | Learned a level 3 spell: Stone Arrow
  2446 | D:5      | Slain by an ice beast

Illustrated notes

Levels and vault maps discovered:
D:1:      dpeg_arrival_rooms_c, layout_loops_ring,
          ebering_ecumenical_altar_petrified
D:2:      layout_basic
D:3:      layout_rooms, mainiacjoe_overflow_paths, uniq_natasha
D:4:      layout_loops_ring, kennysheep_slug_shrine, lemuel_round_altar
D:5:      layout_basic

Skill      XL: |  1  2  3  4  5 |
---------------+----------------+-----
Spellcasting   | 3 4 5 |  5.7
Conjurations   | 3 4 5 |  5.7
Hexes          | 3 4 5 |  5.7
Summonings     | 3 4 5 |  5.7
Necromancy     | 3 4 5 |  5.7
Translocations | 3 4 5 |  5.7
Transmutations | 3 4 5 |  5.7
Fire Magic     | 3 4 5 |  5.7
Ice Magic      | 3 4 5 |  5.7
Air Magic      | 3 4 5 |  5.7
Earth Magic    | 3 4 5 |  5.7
Poison Magic   | 3 4 5 |  5.7
Dodging        | |  2.1
Stealth        | |  1.5

Action                     |  1- 3 |  4- 6 |  7- 9 || total
---------------------------+-------+-------+-------++-------
   Cast: Magic Dart        |    28 |     4 |       ||    32
         Sandblast         |    13 |    49 |     2 ||    64
         Slow              |       |     2 |       ||     2
         Mephitic Cloud    |       |     3 |       ||     3
         Call Imp          |       |       |     1 ||     1
         Momentum Strike   |       |       |     1 ||     1
 Armour: Robe              |     7 |    14 |     1 ||    22
  Dodge: Dodged            |     5 |    12 |       ||    17

Table legend: (Time is in decaauts)
 A = Elapsed time spent in this place.
 B = Non-inter-level travel time spent in this place.
 C = Inter-level travel time spent in this place.
 D = Time resting spent in this place.
 E = Time spent auto-exploring this place.
 F = Levels seen in this place.
 G = Mean time per level.
                   A        B        C        D        E       F      G
               +--------+--------+--------+--------+--------+-----+--------+
         Total |   2475 |   2366 |    109 |    213 |   1800 |   5 |  495.0 |
       Dungeon |   2475 |   2366 |    109 |    213 |   1800 |   5 |  495.0 |
               +--------+--------+--------+--------+--------+-----+--------+

Top non-repeatable levels by time:
     D:2: 814 daAuts
     D:1: 803 daAuts
     D:3: 483 daAuts
     D:4: 254 daAuts
     D:5: 120 daAuts
